 Dungeon Crawl Stone Soup version 0.14-a0-817-g3f7b0b1 (webtiles) character file.

156 PolkaDot the Vexing (level 3, -2/24 HPs)
             Began as a Vampire Enchanter on Nov 12, 2013.
             Was an Initiate of Ashenzari.
             Slain by an orc
             ... wielding a cursed +0,+0 orcish dagger
              (3 damage)
             ... on Level 3 of the Dungeon.
             The game lasted 00:07:06 (1639 turns).

PolkaDot the Vexing (Vampire Enchanter)             Turns: 1639, Time: 00:07:06

HP  -2/24        AC  4     Str  7      XL: 3   Next: 98%
MP   2/6         EV  6     Int 17      God: Ashenzari [......]
Gold 89          SH  0     Dex 15      Spells:  2 memorised,  0 levels left

Res.Fire  : . . .   See Invis. : +   i - +2 spear (vamp)
Res.Cold  : . . .   Warding    : .   b - +2 robe
Life Prot.: . . .   Conserve   : .   (no shield)
Res.Poison: .       Res.Corr.  : .   (no helmet)
Res.Elec. : .       Clarity    : .   (no cloak)
Sust.Abil.: . .     Spirit.Shd : .   (no gloves)
Res.Mut.  : .       Stasis     : .   (no boots)
Res.Rott. : .       Flight     : .   o - amulet of rage
Saprovore : . . .                    j - ring of invisibility
                                     e - cursed -6 ring of evasion

@: regenerating quickly, very slightly contaminated, slightly resistant to
hostile enchantments, quite stealthy
A: fangs 3, see invisible, unbreathing
a: Renounce Religion, Evoke Berserk Rage, Evoke Invisibility


You were on level 3 of the Dungeon.
You worshipped Ashenzari.
Ashenzari was noncommittal.
You were full.

You visited 1 branch of the dungeon, and saw 3 of its levels.

You collected 89 gold pieces.

Inventory:

Hand weapons
 a - a +1,+1 dagger
 i - a +2,+2 vampiric spear (weapon)
Missiles
 d - 12 darts (quivered)
Armour
 b - a +2 robe (worn)
Scrolls
 g - 2 scrolls of fear
 h - 3 scrolls of recharging {unknown}
 l - 2 scrolls of enchant armour
 n - a scroll of identify
 q - a scroll of magic mapping {unknown}
Jewellery
 e - a cursed -6 ring of evasion (left hand)
 j - a ring of invisibility (right hand)
 o - an amulet of rage (around neck)
Potions
 f - 2 potions of curing
 p - a potion of poison
Books
 c - a book of Maledictions

   Spells                             Type                      Level
   *Corona                            Hexes                        1
   Sure Blade                         Hexes/Charms                 2
   Ensorcelled Hibernation            Hexes/Ice                    2
   *Confuse                           Hexes                        3
   Enslavement                        Hexes                        4
   Invisibility                       Hexes                        6


   Skills:
 - Level 2.5 Short Blades
 - Level 0.7 Throwing
 - Level 2.1 Dodging
 + Level 4.2 Stealth
 - Level 1.0 Spellcasting
 * Level 5.5 Hexes
 + Level 0.4 Evocations


You couldn't memorise any spells.
You knew the following spells:

 Your Spells              Type           Power        Failure   Level  Hunger
A - Corona                Hex            ###....      2%          1    ##.....
C - Confuse               Hex            ###.....     10%         3    ####...


Dungeon Overview and Level Annotations

Branches:
Dungeon (3/27)

Altars:
Ashenzari
Cheibriados


Innate Abilities, Weirdness & Mutations

Your natural rate of healing is unusually fast.
You have razor-sharp teeth.*
You have supernaturally acute eyesight.
You can survive without breathing.*


Message History

* * * LOW HITPOINT WARNING * * *
You draw the orc's blood!
You feel better.
You feel slightly more full.
You hit the orc but do no damage.
The orc is moderately wounded.
The orc barely misses you.
You draw the orc's blood!
You feel better.
You feel slightly more full.
You hit the orc.
The orc is heavily wounded.
The orc hits you with an orcish dagger.
* * * LOW HITPOINT WARNING * * *
You closely miss the orc.
The orc is heavily wounded.
The orc hits you with an orcish dagger.
* * * LOW HITPOINT WARNING * * *
You barely miss the orc. You bite the orc.
The orc is severely wounded.
The orc hits you with an orcish dagger.
* * * LOW HITPOINT WARNING * * *
The orc hits you with an orcish dagger.
You die...

##.......)......# #..#
........).......# #..#
........<.......# #..# .
>...............# #..# ...
........)......####..# #....
..............)......####w....
...............................
..............#####...........
............@# #...........
..........o.# #....$......
...........# #..$........
...........# #...........
............# #...........
........<...# #...........
............# #...........
...........# #...........
.o.........# #...........


You could see an orc.

Vanquished Creatures
  3 adders (D:2)
  A giant gecko (D:2)
  2 orcs (D:3)
  A ball python (D:2)
  2 giant cockroaches (D:1)
  A hobgoblin (D:1)
  4 jackals (D:1)
  8 bats
  3 giant newts
  6 goblins
  2 kobolds
  3 rats
36 creatures vanquished.

Notes
Turn   | Place    | Note
--------------------------------------------------------------
     0 | D:1      | PolkaDot, the Vampire Enchanter, began the quest for the Orb.
     0 | D:1      | Reached XP level 1. HP: 13/13 MP: 4/4
   134 | D:1      | Reached XP level 2. HP: 7/19 MP: 5/5
   433 | D:1      | Found a shattered altar of Ashenzari.
   437 | D:1      | Became a worshipper of Ashenzari the Shackled
   771 | D:2      | Reached skill level 5 in Hexes
   771 | D:2      | Reached XP level 3. HP: 22/24 MP: 6/6
  1230 | D:2      | HP: 1/24 [poison (a potion of poison)]
  1318 | D:2      | Learned a level 3 spell: Confuse
  1393 | D:2      | Found a snail-covered altar of Cheibriados.
  1639 | D:3      | HP: 1/24 [orc/orcish dagger (3)]
  1639 | D:3      | Slain by an orc

Action                   || total
-------------------------++-------
Melee: Dagger            ||   121
       Spear             ||    97
 Cast: Confuse           ||     1
  Use: Scroll            ||     4
       Potion            ||     9
 Stab: Sleeping          ||     6
       Invisible         ||     2
